 Dungeon Crawl Stone Soup version 0.31-a0-210-gccc998df9b (webtiles) character file.

Game seed: 802683197596257584

37 bobo the Magician (level 3, 0/20 HPs)
             Began as a Deep Elf Hedge Wizard on June 30, 2023.
             Succumbed to an adder's poison
             ... on level 2 of the Dungeon.
             The game lasted 00:03:48 (1433 turns).

bobo the Magician (Deep Elf Hedge Wizard)           Turns: 1433, Time: 00:03:49

Health: 0/20       AC:  2    Str:  7    XL:     3   Next: 23%
Magic:  2/11       EV: 12    Int: 20    God:
Gold:   24         SH:  0    Dex: 14    Spells: 6/11 levels left

rFire   + . .        a - +0 dagger
rCold   + . .        (no shield)
rNeg    . . .        b - +0 robe
rPois   +            c - +0 hat
rElec   +            (no cloak)
rCorr   +            (no gloves)
SInv    .            (no boots)
Will    +....        (no amulet)
Stlth   ++           (no ring)
HPRegen 0.23/turn    (no ring)
MPRegen 0.12/turn

%: no passive effects
@: lethally poisoned (0 -> -2), resistant, on blink cooldown, enlightened,
flying
A: no striking features
a: no special abilities


You were on level 2 of the Dungeon.
You visited 1 branch of the dungeon, and saw 2 of its levels.

You collected 24 gold pieces.

Inventory:

Hand Weapons
 a - a +0 dagger (weapon)
Armour
 b - a +0 robe (worn)
 c - a +0 hat (worn)
Scrolls
 e - a scroll of poison {unknown}
 f - a scroll of identify {unknown}
 g - a scroll of enchant weapon {unknown}
Potions
 d - a potion of magic


   Skills:
 + Level 0.8 Fighting
 - Level 2.4 Dodging
 - Level 2.4 Stealth
 + Level 4.7 Spellcasting
 + Level 1.9 Conjurations
 + Level 1.8 Summonings
 + Level 1.7 Translocations


You had 6 spell levels left.
You knew the following spells:

 Your Spells              Type           Power      Damage    Failure   Level
a - Magic Dart            Conj           48%        1d5       5%          1
i - Call Imp              Summ           24%        N/A       9%          2
Z - Blink                 Tloc           22%        N/A       9%          2

Your spell library contained the following spells:

 Spells                   Type           Power      Damage    Failure   Level
 Slow                     Hex            16%        N/A       12%         1
 Cigotuvi's Dreadful Rot  Necr/Pois/Air  8%         N/A       19%         2
 Mephitic Cloud           Conj/Pois/Air  7%         N/A       28%         3


Dungeon Overview and Level Annotations

Branches:
Dungeon (2/15)

Altars:


Message History

* * * LOW HITPOINT WARNING * * *
You feel sick. The adder barely misses you.
Your cerulean imp misses the adder.
It was a potion of resistance.
You feel protected.
You feel stable enough to blink again.
* * * LOW HITPOINT WARNING * * *
You feel sick. The adder barely misses you.
Your cerulean imp barely misses the adder.
Casting: Magic Dart (safe; 5% risk of failure)
Confirm with . or Enter, or press ? or * to list all spells.
You blink.
* * * LOW HITPOINT WARNING * * *
You feel sick.
Your cerulean imp barely misses the adder.
You are too injured to fight recklessly!
Casting: Blink (safe; 9% risk of failure)
Confirm with . or Enter, or press ? or * to list all spells.
Aiming: Magic Dart (safe; 5% risk of failure)
Press: ? - help, Shift-Dir - straight line, f/p - adder
Aim: an adder (ally target, 100% to hit)
The magic dart hits the adder.
The adder is moderately wounded.
* * * LOW HITPOINT WARNING * * *
You feel sick.
Casting: Magic Dart (safe; 5% risk of failure)
Confirm with . or Enter, or press ? or * to list all spells.
Aiming: Magic Dart (safe; 5% risk of failure)
Press: ? - help, Shift-Dir - straight line, f/p - adder
Aim: an adder (moderately wounded, ally target, 100% to hit)
The magic dart hits the adder.
The adder is severely wounded.
* * * LOW HITPOINT WARNING * * *
You feel sick. The adder barely misses you.
Casting: Magic Dart (safe; 5% risk of failure)
Confirm with . or Enter, or press ? or * to list all spells.
Aiming: Magic Dart (safe; 5% risk of failure)
Press: ? - help, Shift-Dir - straight line, f/p - adder
Aim: an adder (severely wounded, ally target, 100% to hit)
The magic dart hits the adder.
The adder is almost dead.
You die...

### #.###.....## ##.#
#.###.##.......# ##..#
...##.#.........####...######
......'.†.......+............
...##<#.........####...######
#..........####..........#
#.<)..###..# #..#####.#.#
.......##..####..# ##.#.#
.......##.###.#.@# ##....#
.......# .# #.#.S# #.....#
#.....## #.#..# #.....#
#....## #P#.5# #.#.#.#
#...... #P#..###.###.#
#....#.. ###..........#
#.#.###. #.####.#####
#......# #.####.#


You could see an adder (ally target) and a friendly cerulean imp (summoned).

Vanquished Creatures
  A dart slug (D:2)
  2 endoplasms (D:1)
  A hobgoblin (D:1)
  2 quokkas (D:1)
  3 ball pythons (D:1)
  4 bats
  3 frilled lizards (D:1)
  7 goblins
  5 kobolds
  4 rats
32 creatures vanquished.

Vanquished Creatures (collateral kills)
  An endoplasm (D:1)
  A giant cockroach (D:1)
  A kobold (D:1)
  A rat (D:1)
4 creatures vanquished.

Grand Total: 36 creatures vanquished

Notes
Turn   | Place    | Note
-------+----------+-------------------------------------------
     0 | D:1      | bobo the Deep Elf Hedge Wizard began the quest for the Orb.
     0 | D:1      | Reached XP level 1. HP: 10/10 MP: 7/7
   267 | D:1      | Reached XP level 2. HP: 16/16 MP: 4/9
   312 | D:1      | Learned a level 2 spell: Blink
   315 | D:1      | Learned a level 2 spell: Call Imp
   900 | D:1      | Found a faded altar of an unknown god.
   905 | D:1      | Reached XP level 3. HP: 19/20 MP: 6/11
  1432 | D:2      | HP: 1/20 [poisoned by an adder]
  1433 | D:2      | Succumbed to an adder's poison

Illustrated notes

Levels and vault maps discovered:
D:1:      minmay_arrival_shoal_huts, layout_basic, basic_ecumenical_altar
D:2:      layout_loops_corners, serial_aquarium, aquarium_bridge_straight
          [aquarium_subvault_bridge, aquarium_subvault_wall,
          aquarium_subvault_bridge, aquarium_subvault_window],
          aquarium_window_2, aquarium_window_fake, aquarium_view_2g,
          aquarium_view_2c

Action                     || total
---------------------------++-------
  Melee: Dagger            ||     8
   Cast: Magic Dart        ||    80
         Call Imp          ||     4
         Blink             ||     2
    Use: Potion            ||     2
 Armour: Robe              ||     4
  Dodge: Dodged            ||    13

Table legend: (Time is in decaauts)
 A = Elapsed time spent in this place.
 B = Non-inter-level travel time spent in this place.
 C = Inter-level travel time spent in this place.
 D = Time resting spent in this place.
 E = Time spent auto-exploring this place.
 F = Levels seen in this place.
 G = Mean time per level.
                   A        B        C        D        E       F      G
               +--------+--------+--------+--------+--------+-----+--------+
         Total |   1437 |   1372 |     65 |     52 |   1156 |   2 |  718.5 |
       Dungeon |   1437 |   1372 |     65 |     52 |   1156 |   2 |  718.5 |
               +--------+--------+--------+--------+--------+-----+--------+

Top non-repeatable levels by time:
     D:1: 1166 daAuts
     D:2: 270 daAuts
